 Dungeon Crawl Stone Soup version 0.26-a0-597-gb535b0901c (webtiles) character file.

Game seed: 11494561685202382425

178 Lanoc the Skirmisher (level 5, 0/54 HPs)
             Began as a Troll Delver on Aug 26, 2020.
             Slain by Crazy Yiuf
             ... wielding a +4 quarterstaff of chaos
              (7 damage)
             ... on level 3 of the Dungeon.
             The game lasted 00:01:34 (927 turns).

Lanoc the Skirmisher (Troll Delver)                  Turns: 927, Time: 00:01:34

Health: 0/54       AC:  6    Str: 20    XL:     5   Next: 32%
Magic:  4/4        EV: 11    Int:  6    God:
Gold:   40         SH:  0    Dex: 12    Spells: 4/4 levels left

rFire    . . .     SeeInvis .     - Unarmed
rCold    . . .     Faith    .   (no shield)
rNeg     . . .     Spirit   .   a - +0 robe
rPois    .         Reflect  .   (helmet restricted)
rElec    .         Harm     .   (no cloak)
rCorr    .                      (gloves unavailable)
MR       .....                  (boots unavailable)
Stlth    ++........             (no amulet)
HPRegen  0.58/turn              h - ring of wizardry
MPRegen  0.09/turn              (no ring)

@: hasted and slowed, lightly drained
A: large, unfitting armour, claws 3, regeneration 1, shaggy fur 1, tough skin 3
a: no special abilities


You were on level 3 of the Dungeon.
You visited 1 branch of the dungeon, and saw 3 of its levels.

You collected 40 gold pieces.

Inventory:

Armour
 a - a +0 robe (worn)
Jewellery
 h - a ring of wizardry (left claw)
Wands
 f - a wand of digging (3)
Scrolls
 b - a scroll of fog
 c - a scroll of magic mapping
 d - a scroll of fear
 g - a scroll of immolation {unknown}
 j - a scroll of enchant weapon {unknown}
 k - 3 scrolls of remove curse {unknown}
Potions
 e - a potion of haste
 i - a potion of might {unknown}
 l - a potion of cancellation {unknown}


   Skills:
 + Level 3.9(3.6) Fighting
 + Level 3.4(3.1) Dodging
 - Level 2.7(2.4) Stealth
 - Level 2.0(1.7) Unarmed Combat


You had 4 spell levels left.
You didn't know any spells.
Your spell library was empty.

Dungeon Overview and Level Annotations

Branches:
Dungeon (5/15)
 Temple: D:4-7

Altars:

Annotations:
D:3 Crazy Yiuf


Innate Abilities, Weirdness & Mutations

You are too large for most types of armour.
You have claws for hands.
Your natural rate of healing is unusually fast.
You are covered in fur. (AC +1)
You have extremely tough skin. (AC +3)


Message History

You scratch Crazy Yiuf.
Crazy Yiuf is moderately wounded.
Crazy Yiuf hits you with a +4 quarterstaff of chaos!
You are electrocuted!
You scratch Crazy Yiuf.
Crazy Yiuf is moderately wounded.
Crazy Yiuf hits you with a +4 quarterstaff of chaos.
You feel yourself slow down.
You scratch Crazy Yiuf but do no damage.
Crazy Yiuf is moderately wounded.
Crazy Yiuf hits you with a +4 quarterstaff of chaos.
* * * LOW HITPOINT WARNING * * *
You barely miss Crazy Yiuf.
Crazy Yiuf is moderately wounded.
Crazy Yiuf hits you with a +4 quarterstaff of chaos!
* * * LOW HITPOINT WARNING * * *
You feel drained.
You feel yourself speed up.
Crazy Yiuf hits you with a +4 quarterstaff of chaos!
You die...

..#.#.#....##.#..##..#.#.##.....#
###.#.#..#.##.#..##..#.#.##.....#
.................##..#.#.##...>..
#.....#.################.........
#.....#.# #...)...##
#.....#.##♣♣♣♣♣ #.##....#
#........#..♣.♣♣♣ ### #.##...(#
.............♣..♣#...# #.......#
..#.........♣♣♣♣@g...# #.#######
..#.#.#..#.♣♣ ♣♣#..)# #.#
..#.#.####♣♣ ### #.# ####
........# #.#####... ..#...###
#.....#...
......##################.###.#...
.##...##..........##.....###.#...
.##...##..#..###.............###.
.##...##<.#..# ###....##.###.###.


You could see Crazy Yiuf.

Vanquished Creatures
  A scorpion (D:4)
  A hound (D:5)
  A hound skeleton (D:3)
  5 adders (D:3)
  An ooze (D:3)
  3 worms (D:3)
  A leopard gecko (D:3)
  2 giant cockroaches
  3 goblins (D:3)
  A hobgoblin (D:3)
  2 jackals (D:3)
  2 quokkas (D:3)
  4 bats (D:3)
  5 kobolds (D:3)
  A rat (D:3)
33 creatures vanquished.

Notes
Turn   | Place    | Note
-------+----------+-------------------------------------------
     0 | D:5      | Lanoc the Troll Delver began the quest for the Orb.
     0 | D:5      | Reached XP level 1. HP: 22/22 MP: 0/0
     5 | D:5      | Noticed a hound
    28 | D:5      | Killed a hound
    28 | D:5      | Reached XP level 2. HP: 21/31 MP: 1/1
    28 | D:5      | Reached XP level 3. HP: 25/37 MP: 2/2
    64 | D:4      | Noticed a scorpion
    75 | D:4      | Killed a scorpion
    75 | D:4      | Reached XP level 4. HP: 31/45 MP: 3/3
   299 | D:3      | Reached XP level 5. HP: 43/54 MP: 4/4
   812 | D:3      | Found a runed translucent door.
   813 | D:3      | Noticed Crazy Yiuf
   927 | D:3      | Slain by Crazy Yiuf

Illustrated notes

Levels and vault maps discovered:
D:3:      layout_basic, uniq_crazy_yiuf_cottage
D:4:      layout_loops_ring, serial_shops, nicolae_shop_trees
D:5:      layout_basic, slow_altar_1, old_standard_altar,
          minmay_temple_entry_sparse_star, basic_altar

Skill      XL: |  1  2  3  4 |
---------------+-------------+-----
Fighting       | 3 |  3.9
Dodging        | 2 3 |  3.4
Stealth        | |  2.7
Unarmed Combat | |  2.0

Action                   |  1- 3 |  4- 6 || total
-------------------------+-------+-------++-------
Melee: Unarmed           |    21 |    96 ||   117
  Use: Potion            |       |     1 ||     1
 Stab: Sleeping          |       |     2 ||     2
       Distracted        |       |     1 ||     1
Armor: Robe              |     7 |    47 ||    54
Dodge: Dodged            |     9 |    60 ||    69

Table legend: (Time is in decaauts)
 A = Elapsed time spent in this place.
 B = Non-inter-level travel time spent in this place.
 C = Inter-level travel time spent in this place.
 D = Time resting spent in this place.
 E = Time spent auto-exploring this place.
 F = Levels seen in this place.
 G = Mean time per level.
                   A        B        C        D        E       F      G
               +--------+--------+--------+--------+--------+-----+--------+
         Total |    923 |    923 |      0 |      0 |    665 |   3 |  307.7 |
       Dungeon |    923 |    923 |      0 |      0 |    665 |   3 |  307.7 |
               +--------+--------+--------+--------+--------+-----+--------+

Top non-repeatable levels by time:
     D:3: 796 daAuts
     D:5: 63 daAuts
     D:4: 63 daAuts
